 Dungeon Crawl Stone Soup version 0.30-a0-313-gae38170b09 (webtiles) character file.

Game seed: 11878600835681621729

830967 Jorund the Pyromancer (level 27, 192/195 HPs)
             Began as an Octopode Hedge Wizard on Sept 19, 2019.
             Was the Champion of Vehumet.
             Quit the game on level 4 of the Depths on Oct 26, 2022.
             The game lasted 06:25:51 (80195 turns).

Jorund the Pyromancer (Octopode Hedge Wizard)      Turns: 80195, Time: 06:25:51

Health: 192/195    AC:  6    Str: 12    XL:     27
Magic:  58/60      EV: 22    Int: 48    God:    Vehumet [******]
Gold:   7979       SH: 14    Dex: 11    Spells: 23/75 levels left

rFire   + + +      SeeInvis +    s - staff of fire
rCold   + . .      Faith    .    U - +1 buckler "Omozexu" {Int+4}
rNeg    + . .      Spirit   .    z - +2 hat
rPois   +          Reflect  +    M - amulet of Ivuikhin {Reflect Int+4 SH+5}
rElec   +          Harm     .    G - ring "Vorevapi" {rElec Will+ rCorr}
rCorr   +          Rampage  .    X - ring "Hacifur" {rF+ Will+}
Will    +++++                    r - ring "Reanoic" {rPois Will+ EV+3}
Stlth   ++++......               J - ring of positive energy
HPRegen 1.32/turn                L - ring of the Stag {rF+ Str+4 Int+3 SInv Stlth-}
MPRegen 0.37/turn                q - +3 ring of protection
                                 w - ring "Kilohuache" {rF+ rC+ Int+6}
                                 y - ring "Syugh" {Wiz MP+9 Slay+2}

@: no status effects
A: almost no armour, amphibious, 8 rings, camouflage 1, gelatinous body 1,
(nimble swimmer 1), tentacles, mutation resistance 1, poison resistance,
regeneration 1, MP-powered wands
}: 5/15 runes: barnacled, slimy, silver, abyssal, gossamer
a: Renounce Religion


You were on level 4 of the Depths.
You worshipped Vehumet.
Vehumet was exalted by your worship.
You visited 10 branches of the dungeon, and saw 52 of its levels.
You visited the Abyss 2 times.
You visited 1 ziggurat, and saw 23 of its levels.
You also visited: Trove, Ossuary and Ice Cave.

You collected 10981 gold pieces.
You spent 3002 gold pieces at shops.

Inventory:

Hand Weapons
 f - the +9 short sword of Dissatisfaction {holy, Int+4}
   (You found it on level 3 of the Abyss)

   It has been blessed by the Shining One to cause great damage to the undead
   and demons.
   Int:       It affects your intelligence (+4).
 Y - a +9 sacred scourge of holy wrath
Armour
 z - a +2 hat (worn)
 U - the +1 buckler "Omozexu" (worn) {Int+4}
   (You found it on level 3 of the Shoals)

   Int:       It affects your intelligence (+4).
Magical Staves
 s - a staff of fire (weapon)
Jewellery
 a - the ring "Xouqoew" {Fly rF+++ rC+ Dex-5}
   (You found it on level 20 of a ziggurat)

   [ring of flight]

   Dex:       It affects your dexterity (-5).
   rF:        It renders you almost immune to fire.
   rC:        It protects you from cold.
   Fly:       It grants you flight.
 g - the amulet of Nobility {RegenMP Slay+5}
   (You took it off a yaktaur captain on level 5 of the Vaults)

   [amulet of magic regeneration]

   It increases your rate of magic regeneration.
   Slay:      It affects your accuracy & damage with ranged weapons and melee
   (+5).
 q - a +3 ring of protection (on tentacle)
 r - the ring "Reanoic" (on tentacle) {rPois Will+ EV+3}
   (You found it on level 4 of the Dungeon)

   [ring of evasion]

   EV:        It affects your evasion (+3).
   rPois:     It protects you from poison.
   Will:      It increases your willpower.
 w - the ring "Kilohuache" (on tentacle) {rF+ rC+ Int+6}
   (You found it on level 5 of the Vaults)

   [ring of protection from fire]

   Int:       It affects your intelligence (+6).
   rF:        It protects you from fire.
   rC:        It protects you from cold.
 y - the ring "Syugh" (on tentacle) {Wiz MP+9 Slay+2}
   (You found it in a treasure trove)

   [ring of wizardry]

   It improves your spell success rate.
   Slay:      It affects your accuracy & damage with ranged weapons and melee
   (+2).
   MP:        It affects your magic capacity (+9).
 G - the ring "Vorevapi" (left tentacle) {rElec Will+ rCorr}
   (You found it in a treasure trove)

   [ring of resist corrosion]

   rElec:     It insulates you from electricity.
   rCorr:     It protects you from acid and corrosion.
   Will:      It increases your willpower.
 J - a ring of positive energy (on tentacle)
 L - the ring of the Stag (on tentacle) {rF+ Str+4 Int+3 SInv Stlth-}
   (You found it on level 8 of a ziggurat)

   [ring of see invisible]

   Str:       It affects your strength (+4).
   Int:       It affects your intelligence (+3).
   rF:        It protects you from fire.
   SInv:      It lets you see invisible.
   Stlth:     It makes you less stealthy.
 M - the amulet of Ivuikhin (around mantle) {Reflect Int+4 SH+5}
   (You found it on level 4 of the Depths)

   [amulet of reflection]

   It reflects blocked missile attacks.
   Int:       It affects your intelligence (+4).
   SH:        It affects your SH (+5).
 P - the ring of Zes Ejif {+Inv rElec Will+ Dex-4 Stlth+}
   (You found it on level 3 of the Elven Halls)

   [ring of willpower]

   Dex:       It affects your dexterity (-4).
   rElec:     It insulates you from electricity.
   +Inv:      It lets you turn invisible.
   Will:      It increases your willpower.
   Stlth:     It makes you more stealthy.
 X - the ring "Hacifur" (right tentacle) {rF+ Will+}
   (You found it on level 2 of the Depths)

   [ring of protection from fire]

   rF:        It protects you from fire.
   Will:      It increases your willpower.
Wands
 h - a wand of iceblast (27) (quivered)
 R - a wand of mindburst (48)
 T - a wand of removedness (11)
 W - a wand of acid (24)
Scrolls
 d - 9 scrolls of amnesia
 j - 5 scrolls of identify
 k - a scroll of fear
 m - 36 scrolls of teleportation
 o - 38 scrolls of removedness
 p - 6 scrolls of magic mapping
 A - 19 scrolls of enchant weapon
 E - a scroll of brand weapon
 H - 3 scrolls of summoning
 K - 7 scrolls of blinking
 Q - 3 scrolls of holy word
 S - 20 scrolls of enchant armour
 Z - 14 scrolls of fog
Potions
 b - 6 potions of cancellation
 i - 12 potions of might
 l - 22 potions of mutation
 n - 4 potions of magic
 u - 9 potions of ambrosia
 v - 8 potions of attraction
 x - 18 potions of curing
 C - 5 potions of brilliance
 D - 4 potions of berserk rage
 F - 4 potions of invisibility
 N - 4 potions of resistance
 O - 8 potions of haste
 V - 14 potions of heal wounds
Miscellaneous
 e - a removed fan of gales
 t - a phial of floods
 I - a removed lamp of fire
Comestibles
 c - 63 removed foods


   Skills:
 - Level 17.8 Fighting
 - Level 8.6 Short Blades
 - Level 12.2 Maces & Flails
 - Level 17.3 Dodging
 - Level 9.6 Stealth
 - Level 17.8 Shields
 + Level 24.5 Spellcasting
 - Level 26.1 Conjurations
 - Level 1.0 Summonings
 - Level 7.8 Necromancy
 - Level 17.6 Translocations
 - Level 26.6 Fire Magic
 - Level 0.2 Air Magic
 - Level 4.6 Earth Magic
 - Level 7.1 Poison Magic
 - Level 9.1 Evocations


You had 23 spell levels left.
You knew the following spells:

 Your Spells              Type           Power      Damage    Failure   Level
b - Blink                 Tloc           100%       N/A       0%          2
c - Fire Storm            Conj/Fire      84%        8d21      1%          9
e - Ignition              Fire           84%        3d22      1%          8
g - Spellforged Servitor  Conj/Summ      56%        N/A       1%          7
h - Starburst             Conj/Fire      84%        6d21      0%          6
i - Orb of Destruction    Conj           71%        9d16      0%          7
j - Iron Shot             Conj/Erth      58%        9d11      1%          6
l - Sublimation of Blood  Necr           94%        N/A       0%          2
m - Fireball              Conj/Fire      84%        3d31      0%          5

Your spell library contained the following spells:

 Spells                   Type           Power      Damage    Failure   Level
 Animate Skeleton         Necr           100%       N/A       0%          1
 Apportation              Tloc           100%       N/A       0%          1
 Foxfire                  Conj/Fire      100%       2x1d9     0%          1
 Magic Dart               Conj           100%       1d8       0%          1
 Pain                     Necr           100%       1d9       0%          1
 Shock                    Conj/Air       100%       1d9       0%          1
 Searing Ray              Conj           100%       2d8       0%          2
 Static Discharge         Conj/Air       100%       2-7/arc   0%          2
 Dazzling Flash           Conj/Hex       100%       N/A       0%          3
 Gell's Gravitas          Tloc           100%       N/A       0%          3
 Ignite Poison            Fire/Tmut/Pois 100%       N/A       0%          3
 Inner Flame              Hex/Fire       100%       N/A       0%          3
 Lesser Beckoning         Tloc           100%       N/A       0%          3
 Mephitic Cloud           Conj/Pois/Air  100%       N/A       0%          3
 Portal Projectile        Hex/Tloc       100%       N/A       0%          3
 Stone Arrow              Conj/Erth      100%       3d13      0%          3
 Teleport Other           Tloc           100%       N/A       0%          3
 Fulminant Prism          Conj/Hex       55%        3d25      0%          4
 Iskenderun's Mystic Bla  Conj/Tloc      100%       2d19      0%          4
 Passage of Golubria      Tloc           100%       N/A       0%          4
 Sticky Flame             Conj/Fire      100%       2d11      0%          4
 Bolt of Magma            Conj/Fire/Erth 76%        4d29      0%          5
 Iskenderun's Battlesphe  Conj           100%       2d15      0%          5
 Beastly Appendage        Tmut           100%       N/A       1%          1
 Corona                   Hex            56%        N/A       1%          1
 Sandblast                Erth           100%       2d20      1%          1
 Slow                     Hex            100%       N/A       1%          1
 Summon Small Mammal      Summ           100%       N/A       1%          1
 Call Imp                 Summ           62%        N/A       1%          2
 Ensorcelled Hibernation  Hex/Ice        100%       N/A       1%          2
 Passwall                 Tmut/Erth      57%        N/A       1%          2
 Poisonous Vapours        Pois/Air       100%       N/A       1%          2
 Wereblood                Tmut           56%        N/A       1%          2
 Call Canine Familiar     Summ           62%        N/A       1%          3
 Confusing Touch          Hex            56%        N/A       1%          3
 Ozocubu's Armour         Ice            56%        N/A       1%          3
 Spider Form              Tmut/Pois      75%        N/A       1%          3
 Summon Guardian Golem    Hex/Summ       59%        N/A       1%          3
 Swiftness                Air            57%        N/A       1%          3
 Tukima's Dance           Hex            56%        N/A       1%          3
 Vampiric Draining        Necr           94%        2d12      1%          3
 Airstrike                Air            28%        2d(5-21)  1%          4
 Animate Dead             Necr           94%        N/A       1%          4
 Cause Fear               Hex            28%        N/A       1%          4
 Dispel Undead            Necr           94%        3d30      1%          4
 Ice Form                 Ice/Tmut       56%        N/A       1%          4
 Leda's Liquefaction      Hex/Erth       34%        N/A       1%          4
 Petrify                  Tmut/Erth      69%        N/A       1%          4
 Summon Ice Beast         Ice/Summ       59%        N/A       1%          4
 Summon Lightning Spire   Summ/Air       60%        N/A       1%          4
 Agony                    Necr           94%        N/A       1%          5
 Alistair's Intoxication  Tmut/Pois      50%        N/A       1%          5
 Borgnjor's Vile Clutch   Necr/Erth      43%        N/A       1%          5
 Freezing Cloud           Conj/Ice/Air   48%        6-21      1%          5
 Irradiate                Conj/Tmut      55%        3d30      1%          5
 Lee's Rapid Deconstruct  Erth           40%        3d20*     1%          5
 Lightning Bolt           Conj/Air       55%        1d77      1%          5
 Summon Demon             Summ           31%        N/A       1%          5
 Summon Forest            Summ/Tloc      49%        N/A       1%          5
 Yara's Violent Unravell  Hex/Tmut       28%        3d12      1%          5
 Conjure Ball Lightning   Conj/Air       55%        3x3d20    1%          6
 Dispersal                Tloc           61%        N/A       1%          6
 Lehudib's Crystal Spear  Conj/Erth      58%        10d14     1%          8
 Blade Hands              Tmut           28%        N/A       2%          5
 Metabolic Englaciation   Hex/Ice        28%        N/A       2%          5
 Silence                  Hex/Air        28%        N/A       2%          5
 Summon Mana Viper        Hex/Summ       59%        N/A       2%          5
 Simulacrum               Ice/Necr       38%        N/A       3%          6
 Statue Form              Tmut/Erth      46%        N/A       6%          6
 Shadow Creatures         Summ           N/A        N/A       11%         6
 Chain Lightning          Conj/Air       55%        3d74      13%         9
 Glaciate                 Conj/Ice       55%        N/A       13%         9
 Invisibility             Hex            28%        N/A       16%         6
 Ozocubu's Refrigeration  Ice            28%        4d13      22%         7
 Summon Hydra             Summ           31%        N/A       47%         7
 Dragon Form              Tmut           28%        N/A       61%         7
 Shatter                  Erth           40%        3d31*     95%         9
 Discord                  Hex            28%        N/A       99%         8
 Dragon's Call            Summ           31%        N/A       100%        9
 Polar Vortex             Ice            28%        N/A       100%        9


Dungeon Overview and Level Annotations

Branches:
Dungeon (15/15)            Temple (0/1) D:7            Lair (6/6) D:8
 Shoals (4/4) Lair:3       Spider (4/4) Lair:4        Slime (5/5) Lair:6
    Orc (2/2) D:11            Elf (3/3) Orc:2        Vaults (5/5) D:14
  Crypt (3/3) Vaults:3       Tomb (0/3) Crypt:3      Depths (5/5) D:15
    Zot (0/5) Depths:5    Ossuary (visited)           IceCv (visited)

Altars:
Ashenzari
Cheibriados
Dithmenos
Elyvilon
Gozag
Hepliaklqana
Kikubaaqudgha
Nemelex Xobeh
Okawaru
Ru
Sif Muna
Trog
Uskayaw
Vehumet
Zin
The Shining One

Shops:
D:9 =   D:10 !   Orc:1 (   Orc:2 !x?[   Elf:3 :   Vaults:3 x   Vaults:4 [
Depths:3 =   Depths:4 *[

Portals:
Hell: Depths:1 Depths:2 Depths:3 Depths:4 Depths:5
Abyss: Depths:4 Depths:5
Pandemonium: Depths:3 Depths:4 Depths:5

Annotations:
D:4 Sigmund
Elf:2 5 runed translucent doors
Vaults:2 Asterion
Depths:1 3 runed translucent doors, Tasiwysek's ghost, legendary TrMo


Innate Abilities, Weirdness & Mutations

You cannot wear most types of armour.
You are amphibious.
You can wear up to eight rings at the same time.
Your skin changes colour to match your surroundings (Stealth+).
Your rubbery body absorbs attacks. (AC +1, EV +1)
((You are camouflaged when in or above water. (Stealth+)))
You have tentacles for arms and can constrict up to eight enemies at once.
You are somewhat resistant to further mutation.
Your system is resistant to poisons. (rPois)
Your natural rate of healing is unusually fast.
You expend magic power (3 MP) to strengthen your wands.


Message History

Press: ? - help, Shift-Dir - straight line, f/p - ice devil
Aim: an ice devil (severely wounded)
The iron shot hits the ice devil!!!
You kill the ice devil!
Vehumet accepts your kill.
You feel your power returning.
A wretched star comes into view.
A shadow imp comes into view.
A thrashing horror comes into view.
Found a gateway leading out of the Abyss.
A chaos spawn comes into view.
Found 10 stones.
Unknown command.
You pass through the gate.
Welcome back to the Depths!
Put on which piece of jewellery? (? for menu, Esc to quit)
Okay, then.
Okay, then.
Saving game... please wait.
Welcome back, Jorund the Octopode Wizard.
Vehumet says: Let it end in hellfire!
Press ? for a list of commands and other information.
Saving game... please wait.
Welcome back, Jorund the Octopode Wizard.
Vehumet says: Let it end in hellfire!
Press ? for a list of commands and other information.
Saving game... please wait.
Placing missing branch entry: enter_zot.
Your Dodging skill increases to level 17!
Your Spellcasting skill gained 2 levels and is now at level 24!
Your Conjurations skill gained 2 levels and is now at level 26!
Your Charms skill decreases to level 9!
Your Translocations skill increases to level 17!
Your Fire Magic skill gained 2 levels and is now at level 26!
Welcome back, Jorund the Octopode Hedge Wizard.
Vehumet says: Let it end in hellfire!
Press ? for a list of commands and other information.
Are you sure you want to abandon this character and quit the game? (Confirm with "yes".)

######## #......###
#........### ##..........###
## #.............# .##
#......###.############ ..#
### ##.(....#≈#.#≈#.........
..#
#.###<......###.###.####)#..
..# ##..........@...∩....#
#.)..
.####............###.#####
#...)
......(........###§#.#≈##
#.)).
..............######.####
#.#.. .###..........#
####.#### #.... ##
##.........## #..# #####
#>.........## #.## #....
#...........###.# #....
#...............# #.#..


There were no monsters in sight!

Vanquished Creatures
  the Royal Jelly (Slime:5)
  15 pandemonium lords
  Mennas (Vaults:5)
  Mara (Vaults:5)
  A juggernaut (Depths:3)
  8 ancient liches
  2 royal mummies (Zig:11)
  Boris (thrice) (Depths:5 Crypt:1 Crypt:2)
  A shard shrike (Zig:14)
  Frederick (Vaults:4)
  Saint Roka (Vaults:5)
  A caustic shrike (Zig:2)
  10 Killer Klowns
  Margery (Depths:3)
  A caustic shrike (shapeshifter) (Zig:20)
  13 golden dragons
  4 bone dragons
  Nikola (Shoals:4)
  A Tzitzimitl (Zig:17)
  An iron giant (Zig:16)
  Jorgrun (Orc:1)
  5 tentacled monstrosities
  7 Ice Fiends
  15 liches
  4 quicksilver dragons (shapeshifter)
  3 Hell Sentinels (Zig:17)
  14 titans
  A deep elf master archer (Elf:3)
  2 quicksilver dragons (Depths:3)
  2 Executioners (Zig:10)
  6 tentacled starspawn
  18 acid blobs
  Gastronok (D:8)
  5 ancient champions
  The ghost of Zaguo the Spry, an adept MfTm of Okawaru (Spider:1)
  3 shadow dragons
  13 sphinxes
  A draconian monk (Depths:5)
  A shadow dragon (shapeshifter) (Zig:23)
  3 storm dragons
  18 azure jellies
  4 tengu reavers
  2 revenants
  3 azure jellies (shapeshifter)
  The ghost of PeterQ the Peltast, a journeyman TrHu of Okawaru (Spider:1)
  9 frost giants
  A ghost moth (shapeshifter) (Zig:18)
  An orc warlord (Vaults:3)
  8 fire giants
  A frost giant (shapeshifter) (Zig:23)
  11 emperor scorpions
  7 deep elf sorcerers
  5 cacodemons
  4 iron dragons
  Louise (Spider:1)
  2 fire giants (shapeshifter)
  2 caustic shrike zombies
  The ghost of Irihav the Tortoise, an adept GrFi of Okawaru (Spider:1)
  21 vault wardens
  3 draconian scorchers
  10 ghost moths
  A draconian shifter (Depths:5)
  A draconian annihilator (Zig:5)
  The ghost of mandick the Fighter, a journeyman OgWn of Nemelex Xobeh (Orc:2)
  A curse skull (Zig:16)
  9 war gargoyles
  5 ghouls
  3 spriggan defenders
  3 deep elf elementalists
  17 ironbound preservers
  8 balrugs
  28 stone giants
  7 entropy weavers
  2 demonspawn blood saints (Zig:17)
  10 vampire knights
  3 green draconians (Depths:5)
  2 demonspawn corrupters
  A black draconian (Zig:5)
  11 reapers
  2 stone giants (shapeshifter)
  9 deep elf demonologists
  2 demonspawn black suns
  22 very ugly things
  3 juggernaut skeletons
  2 bennus (Zig:6)
  A lorocyproca (Zig:17)
  A purple draconian (Depths:5)
  8 deep elf annihilators
  3 red draconians
  9 spark wasps
  A dire elephant (D:15)
  3 blizzard demons
  5 eidola
  16 ettins
  A crystal guardian (Vaults:4)
  2 merfolk javelineers (Shoals:4)
  9 removed death oozes
  4 merfolk impalers
  4 deep elf death magi
  12 fire dragons
  5 green deaths
  9 jiangshi
  3 mummy priests
  A quicksilver dragon zombie (Zig:6)
  The ghost of Engwar the Grappler, a journeyman TrAr of Ru (Orc:1)
  Erolcha (D:13)
  21 great orbs of eyes
  25 yaktaur captains
  Fannar (Lair:1)
  An ice dragon (shapeshifter) (Vaults:4)
  29 vault guards
  4 deep elf high priests
  13 ice dragons
  5 rakshasas
  3 hell beasts
  A hydra (shapeshifter) (Vaults:5)
  10 hydras
  A naga warrior (Abyss:1)
  2 shambling mangroves (Zig:9)
  2 ghost crabs (Zig:9)
  An alligator snapping turtle (Shoals:1)
  3 merfolk aquamancers
  16 centaur warriors
  An alligator snapping turtle (shapeshifter) (Zig:23)
  10 spriggan air magi
  3 anacondas (shapeshifter)
  2 merfolk avatars
  8 alligators
  10 deep troll shamans
  4 death knights
  7 tengu warriors
  21 dancing weapons
  9 satyrs
  29 two-headed ogres
  10 vampire magi
  A hell hog (Zig:15)
  20 ogre magi
  A removed queen ant (Spider:4)
  7 deep troll earth magi
  3 death scarabs
  5 orc high priests
  7 thrashing horrors
  3 death yaks (Lair:6)
  3 shock serpents (shapeshifter)
  9 deep elf knights
  5 titan zombies
  8 wretched stars
  2 storm dragon zombies (Crypt:3)
  8 spriggan berserkers
  A titan skeleton (Zig:15)
  7 soul eaters
  18 hell knights
  3 iron trolls
  4 shadow wraiths
  A fire crab (Lair:6)
  3 death drakes
  28 skeletal warriors
  A fire crab (shapeshifter) (Vaults:1)
  3 sun demons
  2 sixfirhies
  3 spatial maelstroms
  A spark wasp zombie (Zig:14)
  A sea snake (shapeshifter) (Zig:23)
  A storm dragon skeleton (Zig:14)
  13 unseen horrors
  An anaconda zombie (Crypt:3)
  A removed torturous demonspawn (Depths:1)
  2 deep trolls (shapeshifter)
  4 wizards
  An obsidian statue (Zig:23)
  4 shadow demons
  6 sea snakes
  9 starcursed masses
  17 deep elf archers
  8 glowing orange brains
  11 flayed ghosts
  2 spriggan druids
  24 deep trolls
  A removed infernal demonspawn (Depths:4)
  15 phantasmal warriors
  3 orange crystal statues
  A spectral hydra (Depths:2)
  3 sphinx zombies
  3 swamp dragons
  12 harpies
  20 orb spiders
  16 ironbound convokers
  15 orc knights
  47 ugly things
  3 golden dragon skeletons (Zig:15)
  12 necromancers
  32 wolf spiders
  2 mana vipers (shapeshifter)
  7 shining eyes
  A sphinx skeleton (Zig:15)
  A faun (shapeshifter) (Depths:1)
  A mana viper (Depths:2)
  26 fauns
  3 shadow dragon zombies
  2 shadow dragon skeletons
  4 moths of wrath
  62 deep elf pyromancers
  A tengu skeleton (Zig:11)
  2 cyclopes (shapeshifter)
  2 manticores (shapeshifter)
  2 shining eyes (shapeshifter)
  A frost giant zombie (Zig:15)
  A worldbinder (Abyss:3)
  An orb spider (shapeshifter) (Vaults:1)
  6 orc sorcerers
  5 cyclopes
  3 moths of wrath (shapeshifter)
  9 merfolk sirens
  A stone giant zombie (Vaults:4)
  12 manticores
  A frost giant skeleton (Crypt:1)
  10 smoke demons
  10 black mambas
  5 torpor snails
  21 elephants
  3 molten gargoyles (Lair:6)
  An orange demon (Depths:5)
  8 water nymphs
  3 ice statues
  9 rust devils
  5 apocalypse crabs
  4 eyes of devastation
  19 vault sentinels
  A gargoyle (D:13)
  2 guardian serpents
  A guardian serpent (shapeshifter) (Zig:20)
  A naga mage (Abyss:1)
  2 cane toads (shapeshifter)
  4 rime drakes
  13 cane toads
  2 dire elephant skeletons (Crypt:1)
  9 hellions
  An elephant slug zombie (Crypt:3)
  A rime drake (shapeshifter) (D:15)
  64 yaktaurs
  2 redback zombies
  A yellow draconian zombie (Crypt:2)
  7 ancient zymes
  3 kobold demonologists
  A swamp worm zombie (Crypt:2)
  3 tormentors
  A white draconian skeleton (Crypt:1)
  An efreet (Zig:21)
  2 spectral merfolk (Depths:2)
  14 freezing wraiths
  A hellwing (Depths:5)
  A komodo dragon (shapeshifter) (Zig:20)
  A pale draconian zombie (Crypt:2)
  18 demonic crawlers
  3 tengu conjurers
  A yaktaur (shapeshifter) (Zig:21)
  10 ice devils
  9 komodo dragons
  An anaconda simulacrum (Crypt:1)
  3 harpy zombies
  4 red devils
  2 trolls (shapeshifter)
  44 jumping spiders
  7 guardian mummies
  A jumping spider (shapeshifter) (Zig:18)
  34 merfolk
  3 meliai (Spider:1)
  A polar bear (shapeshifter) (D:13)
  A silent spectre (Abyss:3)
  A polar bear (Lair:5)
  A queen bee (Spider:1)
  A meliai (shapeshifter) (Vaults:2)
  10 trolls
  6 blink frogs (Lair:4)
  21 hornets
  6 wind drakes
  A wolf spider simulacrum (Vaults:1)
  2 tyrant leeches (Zig:12)
  Grinder (D:4)
  82 slime creatures
  15 raiju
  5 bog bodies
  An alligator zombie (Crypt:2)
  A dream sheep (shapeshifter) (Vaults:5)
  A fire dragon zombie (Zig:1)
  10 snapping turtles
  18 removed hippogriffs
  11 dream sheep
  An ice dragon zombie (Crypt:3)
  An ettin skeleton (Vaults:4)
  A snapping turtle (shapeshifter) (Abyss:3)
  A fire dragon skeleton (Crypt:3)
  9 shadows
  20 water elementals
  78 redbacks
  43 tarantellas
  26 vampires
  6 ynoxinuls
  7 spriggans
  A spriggan (shapeshifter) (Vaults:1)
  11 flying skulls
  2 air elementals
  24 golden eyes
  28 large abominations
  A hog (shapeshifter) (Vaults:1)
  21 humans
  21 yaks
  7 small abominations
  17 wraiths
  10 fire elementals
  8 wyverns
  3 basilisks (shapeshifter)
  3 ushabtiu
  4 fire bats (Abyss:3)
  5 basilisks
  16 chaos spawn
  A human (shapeshifter) (Vaults:1)
  7 neqoxecs
  4 steam dragons
  A removed infernal demonspawn zombie (Crypt:2)
  A deep troll zombie (Vaults:4)
  11 vampire mosquitoes
  11 wargs
  4 removed soldier ants
  2 elf skeletons (Zig:15)
  2 nagas (Abyss:1)
  2 spatial vortices (Abyss:3)
  Menkaure (D:4)
  13 hell hounds
  2 spectral spriggans (Depths:2)
  11 water moccasins
  3 spectral trolls (Depths:2)
  3 floating eyes
  3 black bears (shapeshifter)
  36 orc warriors
  9 removed porcupines
  3 snapping turtle zombies
  3 swamp drakes
  A deep troll skeleton (Crypt:3)
  23 ice beasts
  3 sky beasts
  5 removed eyes of draining
  5 phantoms
  3 black bears
  A hornet zombie (D:15)
  12 boggarts
  5 wolves
  45 ogres
  18 centaurs
  2 necrophages
  A removed crocodile (shapeshifter) (Vaults:2)
  16 removed crocodiles
  A kobold brigand (D:8)
  An elephant skeleton (Crypt:1)
  3 elf zombies
  A yaktaur zombie (Crypt:2)
  A yaktaur skeleton (Crypt:3)
  22 bullfrogs
  2 earth elementals
  2 human skeletons
  2 wyvern skeletons
  A tengu zombie (Zig:6)
  A polar bear zombie (Crypt:3)
  2 scorpions
  2 spectral nagas (Depths:2)
  A spriggan zombie (Crypt:3)
  A polar bear skeleton (Crypt:2)
  4 spectral ogres (Depths:2)
  A troll zombie (Crypt:3)
  39 killer bees
  17 wights
  A yak skeleton (Crypt:2)
  A raiju skeleton (Crypt:2)
  7 howler monkeys
  3 spectral centaurs (Depths:2)
  An electric eel (Elf:3)
  16 crimson imps
  2 human simulacra (Vaults:1)
  5 lava snakes (Lair:6)
  4 human zombies
  12 centaur zombies
  2 quasits
  A bullfrog zombie (D:12)
  19 jellies
  7 hounds
  2 bullfrog skeletons
  2 centaur skeletons
  28 orc priests
  8 iron imps
  28 orc wizards
  2 iguanas
  A basilisk skeleton (Crypt:1)
  17 removed worker ants
  A centaur simulacrum (Depths:2)
  A kobold brigand zombie (Ossuary)
  2 hound zombies
  A demigod skeleton (Crypt:2)
  A hound skeleton (D:6)
  A howler monkey zombie (D:8)
  19 mummies
  A removed worker ant zombie (D:7)
  2 howler monkey skeletons
  11 adders
  5 gnolls
  2 naga simulacra (Depths:2)
  8 shadow imps
  8 white imps
  2 ufetubi (Abyss:1)
  An endoplasm (D:2)
  An adder skeleton (D:5)
  3 adder zombies
  3 worms
  A dart slug (D:1)
  89 orcs
  6 removed leopard geckos
  3 ball pythons
  12 bats
  6 giant cockroaches
  7 goblins
  9 hobgoblins
  13 jackals
  8 kobolds
  9 quokkas
  3 frilled lizards
  A gnoll skeleton (Crypt:1)
  2 goblin zombies (Ossuary)
  5 hobgoblin zombies (Ossuary)
  A jackal zombie (Ossuary)
  10 kobold zombies (Ossuary)
  12 orc zombies
  12 rats
  A rat zombie (Ossuary)
  A river rat zombie (Crypt:1)
  3 fungi (Depths:2)
  A lurking horror (Abyss:1)
  15 plants (Depths:2)
  7 starspawn tentacles
3198 creatures vanquished.

Vanquished Creatures (collateral kills)
  An ancient lich (Zig:18)
  3 golden dragons
  A tentacled monstrosity (Depths:4)
  A deep elf blademaster (Elf:3)
  A deep elf master archer (Elf:3)
  A tentacled starspawn (Zig:21)
  4 acid blobs
  2 sphinxes (Vaults:5)
  A shadow dragon (shapeshifter) (Zig:20)
  2 frost giants
  A deep elf sorcerer (Elf:3)
  2 fire giants
  4 ironbound preservers (Vaults:2)
  A caustic shrike skeleton (Crypt:3)
  3 ghouls (D:15)
  A demonspawn blood saint (Zig:17)
  4 very ugly things
  A starcursed mass (Zig:21)
  A stone giant (Zig:22)
  5 deep elf annihilators
  2 ettins
  2 merfolk impalers (Shoals:4)
  A removed death ooze (Slime:4)
  A yaktaur captain (Depths:4)
  An ogre mage (Zig:18)
  A deep elf high priest (Elf:3)
  2 great orbs of eyes
  A vault guard (Vaults:4)
  A removed monstrous demonspawn (Depths:4)
  A satyr (Shoals:4)
  2 skeletal warriors (D:15)
  A deep troll (Depths:4)
  2 hell knights (Depths:3)
  A swamp dragon (Zig:12)
  A golden dragon zombie (Crypt:3)
  A deep elf archer (Vaults:1)
  A sea snake (Shoals:4)
  An ironbound convoker (Vaults:3)
  A wolf spider zombie (D:15)
  A deep elf pyromancer (Vaults:2)
  2 frost giant zombies
  12 ugly things
  3 fauns (Shoals:4)
  A shadow dragon skeleton (Zig:14)
  A large abomination (Zig:21)
  2 apocalypse crabs (Zig:20)
  2 eyes of devastation
  A spriggan skeleton (Zig:15)
  A yaktaur (D:15)
  2 guardian mummies
  A troll (Orc:2)
  A merfolk (Shoals:4)
  A sphinx simulacrum (Zig:11)
  23 slime creatures
  4 jumping spiders
  2 hornets
  A meliai zombie (D:15)
  A raiju (Depths:2)
  A snapping turtle (Shoals:4)
  A tarantella (Spider:4)
  A vampire (Crypt:3)
  A vampire mosquito (Zig:12)
  A chaos spawn (Zig:23)
  A floating eye (Zig:17)
  An orc warrior (Orc:2)
  An ogre (Vaults:3)
  4 killer bees
  A wight (Crypt:1)
  4 mummies (Zig:11)
  A shadow imp (D:15)
  A white imp (Zig:14)
  A lava snake zombie (Crypt:3)
  An adder zombie (D:8)
  An orc (Vaults:4)
  A plant (Shoals:4)
  2 starspawn tentacles (Zig:21)
151 creatures vanquished.

Vanquished Creatures (others)
  A stone giant (Vaults:5)
  An alligator (shapeshifter) (Zig:23)
  A removed hippogriff (Lair:6)
  A small abomination (Zig:21)
  634 fire vortices
  73 fulminant prisms
  31 fungi
  89 plants
  3 starspawn tentacles (Zig:21)
834 creatures vanquished.

Grand Total: 4183 creatures vanquished

Notes
Turn   | Place    | Note
-------+----------+-------------------------------------------
     0 | D:1      | Jorund the Octopode Wizard began the quest for the Orb.
     0 | D:1      | Reached XP level 1. HP: 11/11 MP: 4/4
   165 | D:1      | Reached XP level 2. HP: 15/17 MP: 6/6
   492 | D:1      | Reached XP level 3. HP: 16/21 MP: 4/8
   933 | D:2      | Found a shimmering blue altar of Sif Muna.
  1030 | D:2      | Reached XP level 4. HP: 22/27 MP: 3/10
  1363 | D:2      | Reached XP level 5. HP: 20/31 MP: 4/12
  1507 | D:2      | Found a shadowy altar of Dithmenos.
  1932 | D:3      | Reached skill level 5 in Spellcasting
  2452 | D:3      | Learned a level 2 spell: Blink
  2456 | D:3      | Learned a level 7 spell: Conjure Flame
  2460 | D:3      | Learned a level 3 spell: Mephitic Cloud
  2475 | D:3      | Reached XP level 6. HP: 36/36 MP: 4/13
  2542 | D:4      | Noticed Menkaure
  2608 | D:4      | Got a coiled lead ring
  2609 | D:4      | Identified the ring "Reanoic" {rPois MR+ EV+3} (You found
                  | it on level 4 of the Dungeon)
  2645 | D:4      | Noticed a phantom
  2703 | D:4      | Killed a phantom
  2703 | D:4      | Reached skill level 1 in Short Blades
  2833 | D:4      | Reached XP level 7. HP: 41/41 MP: 12/15
  2953 | D:4      | Found a radiant altar of Vehumet.
  2968 | D:4      | Became a worshipper of Vehumet
  2995 | D:4      | Reached skill level 5 in Conjurations
  3041 | D:4      | Killed Menkaure
  3175 | D:4      | Noticed Grinder
  3230 | D:4      | Killed Grinder
  3230 | D:4      | Reached XP level 8. HP: 19/46 MP: 2/17
  3627 | D:4      | Noticed Sigmund
  3837 | D:5      | Entered Level 5 of the Dungeon
  3854 | D:5      | Found a shattered altar of Ashenzari.
  3964 | D:5      | Reached * piety under Vehumet
  3964 | D:5      | Offered knowledge of Freeze by Vehumet.
  4003 | D:5      | Found a glowing golden altar of the Shining One.
  4007 | D:5      | Found a glowing silver altar of Zin.
  4008 | D:5      | Found a white marble altar of Elyvilon.
  4025 | D:5      | Found a sand-covered staircase.
  4037 | Ossuary  | Entered an ossuary
  4150 | Ossuary  | Reached ** piety under Vehumet
  4153 | Ossuary  | Offered knowledge of Throw Frost by Vehumet.
  4598 | D:5      | Found a shadowy altar of Dithmenos.
  4962 | D:6      | Gained mutation: You are weak. (Str -2) [potion of
                  | mutation]
  4962 | D:6      | Gained mutation: You are partially covered in slimy green
                  | scales. (AC +2) [potion of mutation]
  4963 | D:6      | Lost mutation: You are weak. (Str -2) [potion of mutation]
  4963 | D:6      | Lost mutation: You are partially covered in slimy green
                  | scales. (AC +2) [potion of mutation]
  4963 | D:6      | Gained mutation: Your system is resistant to poisons.
                  | (rPois) [potion of mutation]
  4963 | D:6      | Gained mutation: You expend magic power (3 MP) to
                  | strengthen your wands. [potion of mutation]
  4963 | D:6      | Gained mutation: Your natural rate of healing is unusually
                  | fast. [potion of mutation]
  4963 | D:6      | Gained mutation: You are somewhat resistant to further
                  | mutation. [potion of mutation]
  5073 | D:6      | Reached XP level 9. HP: 51/51 MP: 15/19
  5397 | D:6      | Reached skill level 5 in Short Blades
  5553 | D:6      | Offered knowledge of Searing Ray by Vehumet.
  5867 | D:6      | Reached skill level 1 in Poison Magic
  5875 | D:6      | Reached *** piety under Vehumet
  6256 | D:6      | Reached skill level 1 in Fire Magic
  6740 | D:7      | Offered knowledge of Ignite Poison by Vehumet.
  6751 | D:7      | Learned a level 3 spell: Ignite Poison
  6839 | D:7      | Found a staircase to the Ecumenical Temple.
  6998 | D:7      | Found a radiant altar of Vehumet.
  7155 | D:7      | Reached XP level 10. HP: 56/56 MP: 12/22
  7617 | D:8      | Reached **** piety under Vehumet
  7683 | D:8      | Found a hazy altar of Hepliaklqana.
  7683 | D:8      | Found a sacrificial altar of Ru.
  7735 | D:8      | Noticed Gastronok
  7942 | D:8      | Killed Gastronok
  8120 | D:8      | Offered knowledge of Fulminant Prism by Vehumet.
  8140 | D:8      | Learned a level 4 spell: Fulminant Prism
  8267 | D:8      | Found a staircase to the Lair.
  8317 | D:8      | Found an opulent altar of Gozag.
  8363 | D:8      | Reached XP level 11. HP: 60/61 MP: 6/24
  8642 | D:9      | Reached skill level 10 in Spellcasting
  8642 | D:9      | Reached skill level 10 in Conjurations
  9074 | D:9      | Found a hide-covered altar of Uskayaw.
  9074 | D:9      | Found an iron altar of Okawaru.
  9092 | D:9      | Found Ymoleari's Jewellery Shoppe.
  9319 | D:10     | Entered Level 10 of the Dungeon
  9538 | D:10     | Found Ecrih's Distillery.
  9547 | D:10     | Bought a potion of degeneration for 12 gold pieces
  9548 | D:10     | Bought a potion of heal wounds for 60 gold pieces
  9813 | D:10     | Reached ***** piety under Vehumet
  9813 | D:10     | Offered knowledge of Venom Bolt by Vehumet.
  9917 | D:10     | Noticed a two-headed ogre
  9934 | D:10     | Killed a two-headed ogre
 10085 | D:10     | Learned a level 5 spell: Venom Bolt
 10139 | Lair:1   | Entered Level 1 of the Lair of Beasts
 10363 | Lair:1   | Noticed Fannar
 10373 | Lair:1   | Killed Fannar
 10582 | Lair:1   | Found a sparkling altar of Nemelex Xobeh.
 10943 | Lair:1   | Noticed a five-headed hydra
 10983 | Lair:1   | Killed a five-headed hydra
 10983 | Lair:1   | Reached skill level 5 in Poison Magic
 10983 | Lair:1   | Reached XP level 12. HP: 42/66 MP: 12/27
 11121 | Lair:1   | Reached XP level 13. HP: 71/71 MP: 28/28
 11146 | Lair:2   | Got a shimmering mace
 11331 | Lair:2   | Identified the cursed +3 mace "Veqealah" {crush, *Contam
                  | +Fly rC+} (You found it on level 2 of the Lair of Beasts)
 11970 | Lair:3   | Found a frozen archway.
 12479 | IceCv    | Entered an ice cave
 13007 | IceCv    | Noticed an ice dragon
 13007 | IceCv    | Noticed an ice dragon
 13337 | IceCv    | Killed an ice dragon
 13506 | IceCv    | Got a scorched golden ring
 13581 | IceCv    | Identified the ring of Contentment {+Blink +Fly rF- Str+3
                  | Stlth+} (You found it in an ice cave)
 14033 | Lair:3   | Found a staircase to the Shoals.
 15267 | Lair:4   | Reached skill level 5 in Stealth
 15292 | Lair:4   | Found a hole to the Spider Nest.
 15430 | Lair:4   | Reached XP level 14. HP: 55/76 MP: 21/31
 15950 | Lair:5   | Offered knowledge of Bolt of Magma by Vehumet.
 15960 | Lair:5   | Learned a level 5 spell: Bolt of Magma
 16966 | Lair:6   | Entered Level 6 of the Lair of Beasts
 17079 | Lair:6   | Reached skill level 1 in Earth Magic
 17829 | Lair:6   | Found a staircase to the Slime Pits.
 19064 | D:11     | Found a staircase to the Orcish Mines.
 19641 | D:11     | Offered knowledge of Orb of Destruction by Vehumet.
 19708 | D:11     | Learned a level 7 spell: Orb of Destruction
 20294 | D:12     | Reached skill level 1 in Fighting
 20908 | D:13     | Reached XP level 15. HP: 68/84 MP: 16/33
 22407 | D:13     | Noticed Erolcha
 22410 | D:13     | Killed Erolcha
 22842 | D:14     | Found a snail-covered altar of Cheibriados.
 23097 | D:14     | Reached skill level 15 in Spellcasting
 23460 | D:14     | Reached ****** piety under Vehumet
 23460 | D:14     | Offered knowledge of Iron Shot by Vehumet.
 23835 | D:14     | Found a gate to the Vaults.
 23851 | D:14     | Learned a level 6 spell: Iron Shot
 23857 | D:14     | Learned a level 4 spell: Iskenderun's Mystic Blast
 24369 | D:15     | Entered Level 15 of the Dungeon
 24404 | D:15     | Noticed a ghoul
 24899 | Lair:6   | Found a large runed translucent door.
 25258 | Lair:6   | Reached skill level 15 in Conjurations
 25388 | Lair:6   | Reached skill level 5 in Fighting
 25660 | Lair:6   | Found a large runed translucent door.
 26053 | Orc:1    | Entered Level 1 of the Orcish Mines
 26096 | Orc:1    | Reached XP level 16. HP: 53/98 MP: 4/35
 26097 | Orc:1    | Found Mekkocuu's Weapon Shop.
 26386 | Orc:1    | Found a transporter.
 26430 | Orc:1    | Found a transporter.
 26433 | Orc:1    | Noticed Engwar's ghost (journeyman TrAr)
 26572 | Orc:2    | Entered Level 2 of the Orcish Mines
 26647 | Orc:2    | Found a transporter.
 26655 | Orc:2    | Found a bloodstained altar of Trog.
 26809 | Orc:2    | Found a staircase to the Elven Halls.
 26837 | Orc:2    | Identified the +3 broad axe of Valiance {holy, rElec rC++
                  | Dex+3 SInv}
 26837 | Orc:2    | Noticed mandick's ghost (journeyman OgWn)
 26889 | Orc:2    | Found a transporter.
 27701 | Orc:2    | Found Leih's Antique Armour Shoppe.
 27701 | Orc:2    | Found Tootwob's Distillery.
 27706 | Orc:2    | Found Quoz's Magic Scroll Shoppe.
 27706 | Orc:2    | Found Ceegga's Food Shop.
 27721 | Orc:2    | Bought a runed hat for 196 gold pieces
 28151 | Orc:1    | Noticed Jorgrun
 28181 | Orc:1    | Killed Jorgrun
 28537 | Elf:1    | Entered Level 1 of the Elven Halls
 28627 | Elf:1    | Offered knowledge of Poison Arrow by Vehumet.
 28890 | Elf:1    | Cast into level 3 of the Abyss (a deep elf demonologist)
 28894 | Abyss:3  | Got an ancient short sword
 28895 | Abyss:3  | Identified the +9 short sword of Dissatisfaction {holy,
                  | Int+4} (You found it on level 3 of the Abyss)
 28958 | Abyss:3  | Noticed a lich
 28959 | Abyss:3  | Noticed a Tzitzimitl
 28960 | Abyss:3  | Noticed a tentacled starspawn
 28961 | Elf:1    | Escaped the Abyss
 28964 | Elf:1    | Noticed a Hell Sentinel
 30693 | Elf:2    | Found a huge runed translucent gate.
 30693 | Elf:2    | Found a huge runed translucent gate.
 30693 | Elf:2    | Found a huge runed translucent gate.
 30696 | Elf:2    | Found a huge runed translucent gate.
 30697 | Elf:2    | Found a huge runed translucent gate.
 30901 | Elf:2    | Reached XP level 17. HP: 45/105 MP: 4/37
 31622 | Elf:3    | Entered Level 3 of the Elven Halls
 31782 | Lair:1   | Learned a level 6 spell: Poison Arrow
 31857 | Shoals:1 | Entered Level 1 of the Shoals
 32430 | Shoals:1 | Offered knowledge of Bolt of Cold by Vehumet.
 34799 | Shoals:3 | Got an ichor-stained buckler
 34829 | Shoals:3 | Reached skill level 1 in Shields
 35815 | Shoals:3 | Identified the +1 buckler "Omozexu" {Int+4} (You found it
                  | on level 3 of the Shoals)
 35853 | Shoals:4 | Entered Level 4 of the Shoals
 35911 | Shoals:4 | Offered knowledge of Spellforged Servitor by Vehumet.
 35937 | Shoals:3 | Learned a level 7 spell: Spellforged Servitor
 36141 | Shoals:4 | Reached skill level 5 in Shields
 36514 | Shoals:4 | Identified the +5 pair of gloves "Yniun" {rElec}
 36514 | Shoals:4 | Noticed Nikola
 36760 | Orc:2    | Killed mandick's ghost
 36760 | Orc:2    | Reached XP level 18. HP: 114/114 MP: 2/39
 36794 | Orc:2    | Got a transparent silver amulet
 36796 | Orc:2    | Identified the amulet "Ogahyg Nuva" {*Slow +Rage MR+ Str+7
                  | Dex+3} (You found it on level 2 of the Orcish Mines)
 36929 | Orc:1    | Killed Engwar's ghost
 37478 | D:15     | Reached skill level 5 in Dodging
 38856 | D:15     | Found a staircase to the Depths.
 39119 | D:15     | Offered knowledge of Fire Storm by Vehumet.
 39119 | D:15     | Offered knowledge of Glaciate by Vehumet.
 39119 | D:15     | Offered knowledge of Chain Lightning by Vehumet.
 39771 | Shoals:4 | Killed Nikola
 41047 | Shoals:4 | Learned a level 2 spell: Sublimation of Blood
 41163 | Shoals:4 | Reached skill level 1 in Necromancy
 41216 | Shoals:4 | Got a barnacled rune of Zot
 41880 | Vaults:1 | Entered Level 1 of the Vaults
 42128 | Vaults:1 | Reached XP level 19. HP: 79/124 MP: 5/40
 42307 | Vaults:1 | Reached skill level 5 in Necromancy
 45652 | Vaults:2 | Noticed a tentacled monstrosity
 46003 | Vaults:2 | Reached XP level 20. HP: 129/129 MP: 32/42
 47264 | Vaults:2 | Noticed Asterion
 49233 | Vaults:3 | Found Ryepyf's Gadget Emporium.
 49524 | Vaults:3 | Found a staircase to the Crypt.
 50347 | Vaults:4 | Reached XP level 21. HP: 135/135 MP: 32/44
 51420 | Vaults:4 | Noticed Frederick
 51565 | Vaults:4 | Found an ancient bone altar of Kikubaaqudgha.
 51637 | Vaults:4 | Killed Frederick
 51745 | Vaults:4 | Identified the +7 scimitar "Ysussum" {freeze, Str+2}
 52473 | Vaults:4 | Found Asuqaog's Antique Armour Shoppe.
 53441 | Spider:1 | Entered Level 1 of the Spider Nest
 54252 | Elf:3    | Found Cikukamn's Book Shop.
 54260 | Elf:3    | Bought a manual of Conjurations for 1545 gold pieces
 54591 | Elf:3    | Found a shimmering blue altar of Sif Muna.
 54736 | Elf:3    | Identified the Disquisition on Companions
 54741 | Elf:3    | Identified the amulet "Zuokomah" {RegenMP *Corrode rElec
                  | rC++ rN+} (You found it on level 3 of the Elven Halls)
 55786 | Elf:3    | Reached XP level 22. HP: 141/141 MP: 43/46
 56023 | Elf:3    | Identified the Catalogue of the Mutagenic Entourage
 56044 | Elf:3    | Identified Xixisiri's Grimoire of Gliding Stones
 56058 | Elf:3    | Got a brightly glowing golden ring
 56059 | Elf:3    | Identified the ring of Zes Ejif {+Inv rElec MR+ Dex-4
                  | Stlth+} (You found it on level 3 of the Elven Halls)
 56062 | Elf:3    | Identified the amulet "Postrax" {Inacc rElec Str+4} (You
                  | found it on level 3 of the Elven Halls)
 56065 | Elf:3    | Identified the ring of Harmony {rC- rN++ Str+6 Stlth+} (You
                  | found it on level 3 of the Elven Halls)
 56073 | Elf:3    | Identified the amulet of the Well-Known Dances {Spirit
                  | rElec} (You found it on level 3 of the Elven Halls)
 57066 | Slime:1  | Entered Level 1 of the Pits of Slime
 57333 | Slime:3  | Learned a level 5 spell: Fireball
 57592 | Slime:4  | Upgraded the game from 0.24-a0-630-g0d56a851f4 to
                  | 0.24-a0-639-gb70a11d811
 57691 | Slime:5  | Entered Level 5 of the Pits of Slime
 57711 | Slime:5  | Noticed the Royal Jelly
 57820 | Slime:4  | Reached skill level 5 in Fire Magic
 58221 | Slime:3  | Learned a level 6 spell: Bolt of Fire
 58608 | Slime:5  | Killed the Royal Jelly
 58793 | Slime:5  | Got a slimy rune of Zot
 58794 | Slime:5  | Identified the Compendium of Ice and Transmutation
 58957 | Lair:6   | Learned a level 9 spell: Fire Storm
 59234 | Depths:1 | Entered Level 1 of the Depths
 59237 | Depths:1 | Found a runed translucent gate.
 59237 | Depths:1 | Found a runed translucent gate.
 59237 | Depths:1 | Found a runed translucent gate.
 59255 | Depths:1 | Noticed an ancient lich
 59256 | Depths:1 | Found a gateway to a ziggurat.
 59256 | Depths:1 | Noticed an ancient lich
 59302 | Depths:1 | Reached skill level 10 in Fire Magic
 59528 | Depths:1 | Noticed Tasiwysek's ghost (legendary TrMo)
 59607 | Depths:1 | Reached XP level 23. HP: 90/145 MP: 35/47
 59757 | Depths:1 | Found a gateway to Hell.
 59827 | Depths:1 | Identified the ring "Soquliuxt" {Fire rElec rN++ Str+4
                  | Dex-3}
 60352 | Depths:1 | Identified the Grimoire of Ice and Poisoning
 61556 | Depths:2 | Identified the ring "Hacifur" {rF+ MR+} (You found it on
                  | level 2 of the Depths)
 61568 | Depths:2 | Reached XP level 24. HP: 152/152 MP: 37/47
 61906 | Depths:2 | Noticed an ancient lich
 61909 | Depths:2 | Killed an ancient lich
 62122 | Depths:3 | Reached skill level 15 in Fire Magic
 62306 | Depths:3 | Noticed a juggernaut
 62308 | Depths:3 | Killed a juggernaut
 62322 | Depths:3 | Reached XP level 25. HP: 154/157 MP: 26/47
 63068 | Depths:3 | Found Gueneocu's Jewellery Boutique.
 63076 | Depths:3 | Bought a cursed ring of teleportation for 49 gold pieces
 63232 | Depths:3 | Noticed Margery
 63242 | Depths:3 | Killed Margery
 63734 | Depths:3 | Found a one-way gate leading to the halls of Pandemonium.
 64243 | Depths:4 | Found Udenycs's General Store.
 64248 | Depths:4 | Found Bapac's Armour Boutique.
 64251 | Depths:4 | Bought a potion of curing for 42 gold pieces
 64342 | Depths:4 | Found a one-way gate to the infinite horrors of the Abyss.
 64420 | Depths:4 | Found a portal to a secret trove of treasure.
 64760 | Depths:4 | Reached skill level 10 in Dodging
 64888 | Depths:4 | Got a slimy silver amulet
 64889 | Depths:4 | Identified the amulet of Ivuikhin {Reflect Int+4 SH+5} (You
                  | found it on level 4 of the Depths)
 65311 | Spider:1 | Reached skill level 10 in Shields
 65312 | Spider:1 | Reached XP level 26. HP: 162/162 MP: 24/47
 65321 | Spider:1 | Noticed Louise
 65322 | Spider:1 | Killed Louise
 65526 | Spider:1 | Found a runed translucent gate.
 65526 | Spider:1 | Found a runed translucent gate.
 65526 | Spider:1 | Found a runed translucent gate.
 65527 | Spider:1 | Noticed Irihav's ghost (adept GrFi)
 65533 | Spider:1 | Noticed Zaguo's ghost (adept MfTm)
 65709 | Spider:1 | Noticed PeterQ's ghost (journeyman TrHu)
 65716 | Spider:1 | Killed Irihav's ghost
 65717 | Spider:1 | Killed Zaguo's ghost
 65717 | Spider:1 | Killed PeterQ's ghost
 67407 | Spider:3 | Got an iridescent war axe
 67565 | Spider:4 | Entered Level 4 of the Spider Nest
 67916 | Spider:3 | Learned a level 8 spell: Ignition
 68660 | Spider:4 | Got a gossamer rune of Zot
 69160 | Depths:5 | Entered Level 5 of the Depths
 69170 | Depths:5 | Noticed Boris
 69172 | Depths:5 | Killed Boris
 69878 | Depths:5 | Identified the ring of Nuh Jausch {+Fly rF+ rC+ Int-3} (You
                  | found it on level 5 of the Depths)
 69974 | Depths:5 | Reached XP level 27. HP: 114/168 MP: 32/47
 70253 | Depths:5 | Found a gate to the Realm of Zot.
 70443 | Depths:5 | Identified the +6 war axe "Hegomim" {venom, rElec} (You
                  | found it on level 3 of the Spider Nest)
 70777 | Vaults:5 | Entered Level 5 of the Vaults
 70788 | Vaults:5 | Reached skill level 15 in Shields
 70796 | Vaults:5 | Reached skill level 15 in Dodging
 70798 | Vaults:5 | Noticed Mara
 70801 | Vaults:5 | Identified the amulet of Nobility {RegenMP Slay+5}
 70802 | Vaults:5 | Noticed Jorund's illusion
 71008 | Vaults:5 | Noticed Saint Roka
 71010 | Vaults:5 | Killed Mara
 71015 | Vaults:5 | Killed Saint Roka
 71018 | Vaults:5 | Noticed Mennas
 71020 | Vaults:5 | Killed Mennas
 71401 | Vaults:5 | Found the +2 Maxwell's thermic engine {flame, freeze}
 71563 | Vaults:5 | Got a silver rune of Zot
 71582 | Vaults:5 | Got a crude silver ring
 71584 | Vaults:5 | Identified the ring "Kilohuache" {rF+ rC+ Int+6} (You found
                  | it on level 5 of the Vaults)
 71635 | Vaults:5 | Identified the amulet "Dasiup" {+Rage rC++ Str-2} (You
                  | found it on level 5 of the Vaults)
 72650 | Depths:1 | Killed an ancient lich
 72650 | Depths:1 | Killed an ancient lich
 72726 | Zig:1    | Entered Level 1 of a ziggurat
 72745 | Zig:2    | Entered Level 2 of a ziggurat
 72815 | Zig:3    | Entered Level 3 of a ziggurat
 72837 | Zig:4    | Entered Level 4 of a ziggurat
 72841 | Zig:4    | Found the +7 Singing Sword {slice, sonic wave}
 72862 | Zig:5    | Entered Level 5 of a ziggurat
 72888 | Zig:5    | Identified the Volume of Unholy Stones
 72900 | Zig:6    | Entered Level 6 of a ziggurat
 72976 | Zig:7    | Entered Level 7 of a ziggurat
 72983 | Zig:7    | Reached skill level 1 in Maces & Flails
 73027 | Zig:8    | Entered Level 8 of a ziggurat
 73055 | Zig:8    | Got a slimy tin ring
 73059 | Zig:8    | Identified the ring of the Stag {rF+ Str+4 Int+3 SInv
                  | Stlth-} (You found it on level 8 of a ziggurat)
 73072 | Zig:9    | Entered Level 9 of a ziggurat
 73084 | Zig:9    | Reached skill level 5 in Maces & Flails
 73098 | Zig:9    | Got an ancient silver ring
 73106 | Zig:9    | Got a bound steel amulet
 73107 | Zig:9    | Identified the amulet "Caenacw" {Spirit rPois rC+++ MR+
                  | Int-5} (You found it on level 9 of a ziggurat)
 73121 | Zig:9    | Identified the ring "Jyisch" {+Fly rCorr Slay+2 Stlth+}
                  | (You found it on level 9 of a ziggurat)
 73128 | Zig:10   | Entered Level 10 of a ziggurat
 73138 | Zig:10   | Found the +8 demon trident "Rift" {distort, reach+}
 73138 | Zig:10   | Noticed Bogeh the pandemonium lord
 73139 | Zig:10   | Reached skill level 10 in Maces & Flails
 73140 | Zig:10   | Killed Bogeh the pandemonium lord
 73142 | Zig:10   | Found the +3 giant club "Skullcrusher" {speed, Str+7}
 73159 | Zig:10   | Identified Xuonaufu's Guide on the Torrid Voyage
 73176 | Zig:11   | Entered Level 11 of a ziggurat
 73183 | Zig:11   | Noticed a greater mummy
 73186 | Zig:11   | Noticed a greater mummy
 73187 | Zig:11   | Killed a greater mummy
 73195 | Zig:11   | Killed a greater mummy
 73381 | Zig:11   | Reached skill level 10 in Fighting
 73389 | Zig:11   | Learned a level 7 spell: Regeneration
 73390 | Zig:12   | Entered Level 12 of a ziggurat
 73400 | Zig:12   | Reached skill level 1 in Charms
 73416 | Zig:12   | Got a flickering bronze ring
 73438 | Zig:12   | Identified the ring of Ongaadgh {Ice *Slow rPois Int+3}
                  | (You found it on level 12 of a ziggurat)
 73451 | Zig:13   | Entered Level 13 of a ziggurat
 73466 | Zig:13   | Reached skill level 5 in Charms
 73520 | Zig:13   | Got a vibrating platinum ring
 73527 | Zig:13   | Identified the ring of Divez {rF+ MP-9 Str+3 Int+2 Stlth+}
                  | (You found it on level 13 of a ziggurat)
 73569 | Zig:13   | Learned a level 7 spell: Deflect Missiles
 73572 | Zig:14   | Entered Level 14 of a ziggurat
 73611 | Zig:14   | Reached skill level 10 in Charms
 73617 | Zig:14   | Identified Sacs's Papyrus of Floating Conjuration
 73697 | Zig:15   | Entered Level 15 of a ziggurat
 73737 | Zig:15   | Identified the Almanac of Enhancements
 73743 | Zig:15   | Got a wavering glass ring
 73758 | Zig:15   | Identified the ring "Gungiv" {Int+3 SInv} (You found it on
                  | level 15 of a ziggurat)
 73763 | Zig:15   | Got a sparkling ivory ring
 73775 | Zig:15   | Identified the ring "Aceyl" {*Tele rF+} (You found it on
                  | level 15 of a ziggurat)
 73785 | Zig:16   | Entered Level 16 of a ziggurat
 73983 | Zig:16   | Found the +7 sceptre of Torment {pain, torment}
 73988 | Zig:16   | Got a vibrating golden ring
 74027 | Zig:16   | Identified the ring of Xuda {Ice Dex+4} (You found it on
                  | level 16 of a ziggurat)
 74037 | Zig:17   | Entered Level 17 of a ziggurat
 74066 | Zig:17   | Paralysed by a floating eye for 3 turns
 74069 | Zig:17   | Noticed Ihycw the pandemonium lord
 74072 | Zig:17   | Paralysed by a floating eye for 4 turns
 74080 | Zig:17   | Killed Ihycw the pandemonium lord
 74117 | Zig:17   | Found the +11 plutonium sword {*Contam Stlth-}
 74188 | Zig:18   | Entered Level 18 of a ziggurat
 74203 | Zig:18   | Noticed an ancient lich
 74204 | Zig:18   | Noticed an ancient lich
 74205 | Zig:18   | Killed an ancient lich
 74206 | Zig:18   | Reached skill level 15 in Fighting
 74206 | Zig:18   | Killed an ancient lich
 74208 | Zig:18   | Noticed an ancient lich
 74209 | Zig:18   | Killed an ancient lich
 74310 | Zig:18   | Got a brightly glowing war axe
 74315 | Zig:19   | Entered Level 19 of a ziggurat
 74334 | Zig:19   | Reached skill level 5 in Translocations
 74354 | Zig:19   | Found the +9 staff of Wucad Mu {channel}
 74387 | Zig:19   | Identified the +7 war axe "Pofan" {elec, *Noise rPois rC-
                  | Dex+10} (You found it on level 18 of a ziggurat)
 74399 | Zig:19   | Reached skill level 10 in Translocations
 74443 | Zig:20   | Entered Level 20 of a ziggurat
 74464 | Zig:20   | Noticed Tolal the pandemonium lord
 74466 | Zig:20   | Noticed Nicseiroqa the pandemonium lord
 74466 | Zig:20   | Noticed Ryriatewk the pandemonium lord
 74466 | Zig:20   | Noticed Vuigirunn the pandemonium lord
 74467 | Zig:20   | Killed Ryriatewk the pandemonium lord
 74467 | Zig:20   | Noticed Pakhlaud the pandemonium lord
 74467 | Zig:20   | Killed Viturph the pandemonium lord
 74468 | Zig:20   | Killed Tolal the pandemonium lord
 74468 | Zig:20   | Killed Nicseiroqa the pandemonium lord
 74469 | Zig:20   | Killed Vuigirunn the pandemonium lord
 74470 | Zig:20   | Killed Pakhlaud the pandemonium lord
 74473 | Zig:20   | Noticed Isojal the pandemonium lord
 74477 | Zig:20   | Killed Isojal the pandemonium lord
 74479 | Zig:20   | Noticed Qafal the pandemonium lord
 74498 | Zig:20   | Killed Qafal the pandemonium lord
 74520 | Zig:20   | Found the +5 scythe "Finisher" {speed, eviscerate}
 74534 | Zig:20   | Reached skill level 15 in Translocations
 74549 | Zig:20   | Learned a level 7 spell: Controlled Blink
 74558 | Zig:20   | Got a heavily runed marble ring
 74563 | Zig:20   | Identified the ring "Upekanto" {rC+ Dex+5 Stlth+} (You
                  | found it on level 20 of a ziggurat)
 74570 | Zig:20   | Got a scintillating bronze ring
 74575 | Zig:20   | Identified the ring "Xouqoew" {+Fly rF+++ rC+ Dex-5} (You
                  | found it on level 20 of a ziggurat)
 74590 | Zig:21   | Entered Level 21 of a ziggurat
 74640 | Zig:21   | Found the +0 sword of Power
 74672 | Zig:21   | Identified the Reference Book on Displacement and Flames
 74687 | Zig:21   | Got a vibrating lead ring
 74691 | Zig:21   | Identified the ring of the Lies {+Blink rC+ Str+4 SInv}
                  | (You found it on level 21 of a ziggurat)
 74758 | Zig:22   | Entered Level 22 of a ziggurat
 74790 | Zig:22   | Noticed an ancient lich
 74792 | Zig:22   | Killed an ancient lich
 74846 | Zig:22   | Got a flickering copper ring
 74850 | Zig:22   | Identified the ring of the Unstoppable Tales {*Tele rPois
                  | rF- Int+8 Dex-2} (You found it on level 22 of a ziggurat)
 74858 | Zig:22   | Identified the +9 triple sword "Uleyluh" {flame, Str+4
                  | Dex+7} (You found it on level 22 of a ziggurat)
 74869 | Zig:23   | Entered Level 23 of a ziggurat
 74902 | Zig:23   | Noticed Heuryzxa the pandemonium lord
 74905 | Zig:23   | Noticed Syxeoty the pandemonium lord
 74910 | Zig:23   | Killed Heuryzxa the pandemonium lord
 74912 | Zig:23   | Killed Syxeoty the pandemonium lord
 74933 | Zig:23   | Noticed Qeymm the pandemonium lord
 74940 | Zig:23   | Killed Qeymm the pandemonium lord
 74944 | Zig:23   | Noticed Caem the pandemonium lord
 74945 | Zig:23   | Killed Caem the pandemonium lord
 74945 | Zig:23   | Noticed Caozioch the pandemonium lord
 74947 | Zig:23   | Killed Caozioch the pandemonium lord
 74949 | Zig:23   | Noticed Sonoacok the pandemonium lord
 74952 | Zig:23   | Noticed Naexithre the pandemonium lord
 74952 | Zig:23   | Noticed Errotai the pandemonium lord
 74953 | Zig:23   | Noticed Peduij the pandemonium lord
 74966 | Zig:23   | Noticed Bodyl the pandemonium lord
 75068 | Depths:4 | You paid a toll of 17 scrolls of identify to enter a
                  | treasure trove
 75069 | Trove    | Entered a treasure trove
 75073 | Trove    | Got an ancient steel amulet
 75075 | Trove    | Got a twitching bronze ring
 75077 | Trove    | Got a warped jade ring
 75080 | Trove    | Got a wavering marble ring
 75084 | Trove    | Got a faintly glowing lead ring
 75090 | Trove    | Identified the ring "Nuyr" {*Corrode rPois rC+ Str+4 Dex+2}
                  | (You found it in a treasure trove)
 75093 | Trove    | Identified the ring "Vorevapi" {rElec MR+ rCorr} (You found
                  | it in a treasure trove)
 75100 | Trove    | Identified the ring "Icvooziynk" {Str+2 Stlth+} (You found
                  | it in a treasure trove)
 75104 | Trove    | Identified the ring of Activism {Fire MR+ Int-2 Dex+7} (You
                  | found it in a treasure trove)
 75112 | Trove    | Got a clouded bronze ring
 75116 | Trove    | Got a translucent copper ring
 75118 | Trove    | Got a faintly glowing lead ring
 75124 | Trove    | Identified the amulet "Ugyq" {Acrobat rN+ Str+3 Dex+3} (You
                  | found it in a treasure trove)
 75127 | Trove    | Identified the ring "Syugh" {Wiz MP+9 Slay+2} (You found it
                  | in a treasure trove)
 75129 | Trove    | Identified the ring "Opryal" {rC+ Str+4} (You found it in a
                  | treasure trove)
 75132 | Trove    | Identified the ring "Muzev" {rElec rF- rN+ Stlth+} (You
                  | found it in a treasure trove)
 75153 | Trove    | Got a smoking golden ring
 75155 | Trove    | Got a twitching garnet amulet
 75168 | Trove    | Identified the ring of Xom's Ringing Laughter {Ice *Slow
                  | Int+5} (You found it in a treasure trove)
 75389 | Orc:2    | Bought a scroll of teleportation for 48 gold pieces
 75389 | Orc:2    | Bought a scroll of identify for 32 gold pieces
 75389 | Orc:2    | Bought a scroll of identify for 32 gold pieces
 75389 | Orc:2    | Bought a scroll of identify for 32 gold pieces
 75394 | Orc:2    | Identified the amulet "Zoaxir Corig" {Acrobat rN+} (You
                  | found it in a treasure trove)
 75399 | Orc:2    | Bought a potion of haste for 150 gold pieces
 75399 | Orc:2    | Bought a potion of curing for 45 gold pieces
 75399 | Orc:2    | Bought a potion of curing for 45 gold pieces
 75399 | Orc:2    | Bought a potion of haste for 150 gold pieces
 75399 | Orc:2    | Bought a potion of heal wounds for 75 gold pieces
 75399 | Orc:2    | Bought a potion of curing for 45 gold pieces
 75496 | D:10     | Bought a potion of curing for 36 gold pieces
 75496 | D:10     | Bought a potion of curing for 36 gold pieces
 75496 | D:10     | Bought a potion of curing for 36 gold pieces
 75496 | D:10     | Bought a potion of magic for 96 gold pieces
 75496 | D:10     | Bought a potion of brilliance for 48 gold pieces
 75496 | D:10     | Bought a potion of cancellation for 96 gold pieces
 75496 | D:10     | Bought a potion of cancellation for 96 gold pieces
 75705 | Crypt:1  | Entered Level 1 of the Crypt
 76498 | Crypt:1  | Noticed Boris
 76501 | Crypt:1  | Killed Boris
 76944 | Crypt:2  | Noticed Boris
 76948 | Crypt:2  | Killed Boris
 77289 | Crypt:3  | Entered Level 3 of the Crypt
 77636 | Crypt:3  | Found a staircase to the Tomb.
 78335 | Crypt:3  | Found the +12 Vampire's Tooth {vamp}
 78346 | Crypt:3  | Identified the cursed +0 double sword of the Ship {flame,
                  | *Drain Str+2 Stlth+} (You found it on level 3 of the Crypt)
 78362 | Crypt:3  | Identified the Incunabulum of the Harmful Volcanoes
 78739 | Depths:4 | Voluntarily entered the Abyss.
 78739 | Gauntlet | Entered a Gauntlet
 78920 | Abyss:1  | Found a corrupted altar of Lugonu.
 79465 | Tomb:3   | Entered Level 3 of the Tomb of the Ancients
 79966 | Abyss:3  | Noticed an ancient lich
 79966 | Abyss:3  | Noticed an ancient lich
 79967 | Abyss:3  | Killed an ancient lich
 79968 | Abyss:3  | Killed an ancient lich
 80000 | Abyss:3  | Got an abyssal rune of Zot
 80190 | Depths:4 | Escaped the Abyss
 80195 | Depths:4 | Upgraded the game from 0.24-a0-639-gb70a11d811 to
                  | 0.24-a0-640-ge7cd8ce796
 80195 | Depths:4 | Upgraded the game from 0.24-a0-640-ge7cd8ce796 to
                  | 0.30-a0-313-gae38170b09
 80195 | Depths:4 | Quit the game

Illustrated notes

Levels and vault maps discovered:
D:1:      dpeg_arrival_castle, layout_basic
D:2:      layout_loops_ring, lemuel_blue_sif_altar, grunt_dithmenos_smoke
D:3:      layout_basic
D:4:      layout_layer_cave, vehumet_altar_wand_db, uniq_natasha, uniq_sigmund,
          uniq_menkaure, uniq_grinder
D:5:      layout_loops_ring, good_gods_temple_1, cheibrodos_ashenzari_chains,
          nicolae_overflow_hidden_temple, lightli_ossuary_entry_decrepit_ruins,
          first_ration
D:6:      lemuel_ice_spiral_2, layout_basic
D:7:      layout_basic, minmay_temple_entry_glassed_door, basic_altar,
          hangedman_decor_peaks_small
D:8:      layout_basic, old_standard_altar,
          chequers_temple_overflow_statue_of_worship,
          due_lair_maze_entry_diamond, uniq_gastronok
D:9:      layout_cave_pools, gammafunk_temple_overflow_elements, serial_shops,
          shop
D:10:     layout_roguey, serial_shops, shop
D:11:     layout_loops_ring, minmay_orc_entry_guard_dogs, the_bakery,
          serial_bayou_pond_c
D:12:     layout_irregular_city, grunt_decor_one_mirror,
          chequers_serial_rivers_micro_c, minmay_nine_imps
D:13:     minmay_spotlight, layout_cave_pools, uniq_erolcha
D:14:     layout_irregular_city, grunt_vaults_entry_tiered,
          gauntlet_entry_generic, cheibriados_altar_1
D:15:     hangedman_depths_entry_try_elsewhere_first, layout_basic,
          serial_undead, serial_undead_a, serial_undead_e, serial_undead_d,
          serial_undead_e, serial_undead_e, serial_undead_b, serial_undead_e,
          serial_undead_e, serial_undead_a, serial_undead_d,
          minmay_misc_feat_tower, minivault_27, grunt_ministairs_15
Lair:1:   layout_gridlike, basic_altar, grunt_megastairs_1,
          serial_bayou_shore_a, uniq_fannar
Lair:2:   layout_hall_layers
Lair:3:   layout_chaotic_city, minmay_shoals_entry_hut,
          portal_ice_cave_entry_ice_beasts
Lair:4:   layout_cave_pods, spider_nest_entry_rubble, grunt_megastairs_4
Lair:5:   layout_roguey
Lair:6:   cheibrodos_lair_end_hotspot, layout_loops_ring,
          minmay_slime_entry_jelly_boxes
Shoals:1: layout_shoals
Shoals:2: layout_shoals
Shoals:3: layout_shoals
Shoals:4: shoals_end_grunt_garden, layout_shoals, uniq_nikola
Spider:1: layout_spider_delve, gammafunk_ghost_cemetery, special_room
          [special_room_bee], uniq_louise
Spider:2: layout_chambers, nicolae_spider_cling_halls
Spider:3: layout_spider_delve
Spider:4: spider_rune_water, nicolae_spider_ant_collections
Slime:1:  layout_caves
Slime:2:  layout_caves
Slime:3:  layout_caves
Slime:4:  layout_caves
Slime:5
Orc:1:    layout_caves, serial_shops, shop, gammafunk_ghost_smash, uniq_jorgrun
Orc:2:    grunt_orc_tribal_feast, layout_caves,
          gammafunk_ghost_wrathful_warriors, nicolae_orc_rich_vein
Elf:1:    eino_elf_arrival_the_gate, layout_loops_cross,
          hangedman_elf_represent, grunt_ministairs_14
Elf:2:    layout_gridlike
Elf:3:    minmay_elf_hall_dome, layout_geoelf_castle, serial_shops,
          nicolae_shop_competitors_out_of_business, hangedman_summoners_spam
Vaults:1: v_misc_29, v_misc_31, v_misc_9, v_misc_28, serial_ice_h,
          vaults_standard_mumra_lines, nicolae_vaults_network_quinsquares
          [nicolae_vaults_network_quincunx_subvault,
          nicolae_vaults_network_quincunx_subvault,
          nicolae_vaults_network_quincunx_subvault,
          nicolae_vaults_network_quincunx_subvault], v_misc_16,
          nicolae_vaults_little_squares_6, nicolae_vaults_little_squares_1,
          nicolae_vaults_little_squares_6, layout_vaults_big_cross
Vaults:2: ontoclasm_vaults_bender, vaults_room_door_hall,
          nicolae_vaults_c_with_doors, v_misc_27,
          ontoclasm_vaults_loading_screen, nicolae_vaults_diagonal_hallway_8,
          grunt_vaults_twisty, v_pattern_5, hangedman_vaults_stitches,
          hangedman_vaults_hat, hangedman_vaults_corner_blocks,
          layout_vaults_maze_snakey, uniq_asterion
Vaults:3: v_misc_18, vaults_dpeg_spiral, vaults_dpeg_diagonal,
          hangedman_vaults_restitches, grunt_vaults_hallway_long,
          minmay_crypt_entry_simple_box, grunt_vaults_swirl,
          nicolae_vaults_alarming, vaults_room_hallway,
          nicolae_vaults_windows_and_doors_thing, nicolae_vaults_display_case,
          nicolae_vaults_little_squares_3, layout_vaults_omnibox, serial_glass,
          serial_shops, shop
Vaults:4: v_alt_pattern_1, vaults_mumra_chevron_long,
          ontoclasm_vaults_claustrophobia, nicolae_vaults_network_barrier,
          v_rooms_5, nicolae_vaults_shelves_hall, v_misc_11,
          ontoclasm_vaults_ligature, vaults_room_mumra_shop_pool,
          ontoclasm_vaults_twist, vaults_room_stairs_pillars,
          layout_vaults_omnigrid, basic_altar, uniq_frederick
Vaults:5: uniq_mara, uniq_mennas, uniq_saint_roka
Crypt:1:  layout_catacombs, corner_web_ring, grunt_ministairs_10, minivault_19,
          feat_on_display, grunt_crypt_arrival_split, grunt_megastairs_3
Crypt:2:  layout_misc_corridors, hex_large
Crypt:3:  due_elkab, layout_chaotic_city
Depths:1: layout_cave_pools, enter_ziggurat_c, grunt_pan_entry_zigzag,
          gammafunk_ghost_icy, hell_entry, hangedman_decor_lopped,
          minmay_misc_feat_rows, chequers_serial_rivers_micro_d,
          minmay_variable_closet, nrook_mini_backslash, hangedman_eye_storm
Depths:2: lemuel_river_lethe, hell_entry
Depths:3: little_maze_vault, layout_gridlike, pf_coc_iceberg, serial_glass,
          glass_columns_b, glass_columns_a, glass_columns_c, glass_columns_a,
          due_unseen_surprise, minmay_strange_pillars, item_on_display_a,
          minmay_misc_feat_iff, pan_entry, serial_shops, shop, minivault_16,
          infiniplex_staircase_diamond, uniq_margery
Depths:4: minmay_nine_rooms, layout_cave_shapes, rand_demon_pan_entry_7,
          hell_entry, kennysheep_cross_bottleneck, enter_trove_3,
          abyss_entry_glasseish, kennysheep_diamond, minmay_shop_star
Depths:5: grunt_zot_entry_hairpin, layout_cave_pools, lightli_too_deep,
          rand_demon_pan_entry_3, abyss_entry, uniq_boris

Skill      XL: |  1  2  3  4  5  6  7  8  9 10 11 12 13 14 15 16 17 18 19 20 21 22 23 24 25 26 27 |
---------------+----------------------------------------------------------------------------------+-----
Spellcasting   | 4 5 6 7 8 9 11 13 14 15 16 17 18 19 20 24 | 24.5
Conjurations   | 2 3 4 6 7 8 9 11 12 14 15 16 17 18 19 22 23 26 | 26.1
Short Blades   | 1 3 5 7 8 |  8.6
Poison Magic   | 1 3 5 7 |  7.1
Fire Magic     | 1 2 3 4 11 14 16 17 26 | 26.6
Translocations | 2 17 | 17.6
Evocations     | 9 |  9.1
Stealth        | 5 6 9 |  9.6
Earth Magic    | 3 4 |  4.6
Fighting       | 1 5 6 7 9 17 | 17.8
Shields        | 5 10 14 17 | 17.8
Dodging        | 3 8 10 13 17 | 17.3
Necromancy     | 4 7 |  7.8
Maces & Flails | 12 | 12.2
Charms         | 9 |  0.0
Summonings     | |  1.0
Air Magic      | |  0.2

Action                   |  1- 3 |  4- 6 |  7- 9 | 10-12 | 13-15 | 16-18 | 19-21 | 22-24 | 25-27 || total
-------------------------+-------+-------+-------+-------+-------+-------+-------+-------+-------++-------
Melee: Unarmed           |    15 |       |       |       |       |       |       |       |       ||    15
       Pseudopods        |     7 |     6 |    35 |    18 |    56 |    35 |    48 |       |     6 ||   211
       Constrict         |    10 |     6 |    63 |    34 |    56 |    39 |    33 |       |     3 ||   244
       Short sword       |    14 |    46 |   227 |   197 |   383 |   174 |   259 |     6 |     1 ||  1307
       Staff             |       |       |       |       |       |       |       |     8 |    15 ||    23
       Sacred scourge    |       |       |       |       |       |       |       |       |    32 ||    32
Throw: Dart              |       |       |       |     6 |     4 |     1 |       |       |       ||    11
 Cast: Magic Dart        |    65 |   121 |   275 |   232 |    72 |       |       |       |       ||   765
       Mephitic Cloud    |       |       |    17 |    36 |    32 |    12 |    12 |       |       ||   109
       Conjure Flame     |       |       |    12 |    30 |    14 |     9 |     2 |       |       ||    67
       Blink             |       |       |     6 |     7 |     6 |     3 |     1 |     2 |     4 ||    29
       Ignite Poison     |       |       |       |    14 |    19 |     5 |     6 |       |       ||    44
       Fulminant Prism   |       |       |       |     2 |    67 |     2 |     2 |     1 |       ||    74
       Venom Bolt        |       |       |       |       |   234 |    40 |       |       |       ||   274
       Bolt of Magma     |       |       |       |       |   158 |    29 |    47 |     7 |       ||   241
       Iron Shot         |       |       |       |       |    12 |   146 |   101 |   115 |   255 ||   629
       Iskenderun's Myst |       |       |       |       |    12 |    27 |    10 |    16 |       ||    65
       Orb of Destructio |       |       |       |       |     3 |    14 |     6 |    10 |    31 ||    64
       Poison Arrow      |       |       |       |       |       |   268 |   374 |    13 |     2 ||   657
       Spellforged Servi |       |       |       |       |       |    13 |    21 |     8 |     4 ||    46
       Sublimation of Bl |       |       |       |       |       |       |     4 |    19 |    93 ||   116
       Fireball          |       |       |       |       |       |       |       |   117 |   105 ||   222
       Bolt of Fire      |       |       |       |       |       |       |       |   134 |   156 ||   290
       Fire Storm        |       |       |       |       |       |       |       |     8 |   347 ||   355
       Ignition          |       |       |       |       |       |       |       |       |    65 ||    65
       Regeneration      |       |       |       |       |       |       |       |       |    11 ||    11
       Deflect Missiles  |       |       |       |       |       |       |       |       |     1 ||     1
Evoke: Wand              |       |       |       |     4 |    36 |    25 |    14 |     9 |     8 ||    96
       Removed lamp of f |       |       |       |       |     1 |     2 |       |       |     1 ||     4
       Phial of floods   |       |       |       |       |       |       |       |     1 |     2 ||     3
  Use: Scroll            |     2 |     8 |     7 |     7 |    14 |    12 |     2 |    20 |    29 ||   101
       Potion            |     1 |       |     6 |     8 |     3 |     5 |     2 |     7 |    22 ||    54
 Stab: Sleeping          |     3 |       |     2 |     4 |     5 |     3 |       |       |     2 ||    19
       Confused          |       |       |     5 |     8 |     8 |     2 |     6 |       |       ||    29
       Distracted        |       |       |       |     2 |     1 |     1 |       |       |     2 ||     6
       Paralysed         |       |       |       |       |     6 |       |       |       |       ||     6
       Invisible         |       |       |       |       |       |     2 |       |       |       ||     2
  Eat: Removed food      |       |     4 |     8 |    13 |    46 |    34 |    41 |       |    15 ||   161
       Removed food      |       |     1 |     1 |       |     7 |     7 |     1 |     5 |    17 ||    39
Armor: Skin              |     5 |    10 |     8 |    18 |    36 |    18 |    10 |       |     5 ||   110
Dodge: Dodged            |    40 |    58 |   164 |   139 |   403 |   214 |   233 |    64 |   124 ||  1439
       Repelled          |       |       |       |       |       |       |       |       |     6 ||     6
Block: Buckler           |       |       |       |       |       |    36 |    90 |    17 |   121 ||   264
       Reflection        |       |       |       |       |       |       |       |       |    12 ||    12

Table legend: (Time is in decaauts)
 A = Elapsed time spent in this place.
 B = Non-inter-level travel time spent in this place.
 C = Inter-level travel time spent in this place.
 D = Time resting spent in this place.
 E = Time spent auto-exploring this place.
 F = Levels seen in this place.
 G = Mean time per level.
                   A        B        C        D        E       F      G
               +--------+--------+--------+--------+--------+-----+--------+
         Total |  79854 |  71763 |   8091 |  25464 |  28443 |  82 |  973.8 |
       Dungeon |  20471 |  17832 |   2639 |   6391 |   7428 |  15 | 1364.7 |
          Lair |  10184 |   8509 |   1675 |   3366 |   3308 |   6 | 1697.3 |
        Shoals |   6413 |   6158 |    255 |   2640 |   2497 |   4 | 1603.2 |
   Spider Nest |   3578 |   3374 |    204 |    500 |   2407 |   4 |  894.5 |
    Slime Pits |   1753 |   1644 |    109 |    841 |    186 |   5 |  350.6 |
  Orcish Mines |   2933 |   2470 |    463 |    740 |   1074 |   2 | 1466.5 |
   Elven Halls |   5550 |   5218 |    332 |   2117 |   1980 |   3 | 1850.0 |
        Vaults |  13364 |  11732 |   1632 |   5245 |   4305 |   5 | 2672.8 |
         Crypt |   2766 |   2627 |    139 |    188 |   1918 |   3 |  922.0 |
        Depths |   7710 |   7070 |    640 |   2244 |   3032 |   5 | 1542.0 |
         Abyss |   1485 |   1485 |      0 |      5 |      0 |   4 |  371.2 |
      Ziggurat |   2202 |   2202 |      0 |    614 |     19 |  23 |   95.7 |
         Trove |     98 |     98 |      0 |      0 |      0 |   1 |   98.0 |
       Ossuary |    254 |    254 |      0 |      0 |     99 |   1 |  254.0 |
      Ice Cave |   1087 |   1087 |      0 |    571 |    190 |   1 | 1087.0 |
               +--------+--------+--------+--------+--------+-----+--------+
